AoeStats
← FingerDash_262

Four Lakes

507584240Analyzed
1v1 RM · 13d ago on Sep 18, 2026· 78m 44s· 2 players
Game mode
Random Map
Map size
Tiny (2 player)
Population
200
Speed
Normal
Resources
Standard
Victory
Conquest
Starting age
Dark Age
Ending age
Imperial Age
RankedLock teamsTeams togetherTeam positionsShared explorationLock speedFull tech treeHidden civsTurbo modeCheats
Victory
Defeat
🇦🇷 Bulgarians · Argentina
1293
+15
🇧🇷 Vietnamese · Brazil
1275
-15
FingerDash_262
6:52 Loom
7:17 Loom
9:39 Feudal Age
14:35 Fletching
18:10 Double-Bit Axe
18:47 Gold Mining
20:22 Wheelbarrow
24:48 Castle Age
23:03 Scale Barding Armor
23:08 Forging
24:02 Forging
24:18 Bloodlines
24:51 Light Cavalry
30:55 Chain Barding Armor
36:45 Bodkin Arrow
38:39 Hand Cart
40:20 Padded Archer Armor
40:16 Town Watch
45:58 Imperial Age
44:34 Town Patrol
45:14 Scale Mail Armor
45:32 Leather Archer Armor
45:39 Pikeman
46:59 Iron Casting
46:44 Bracer
48:01 Ring Archer Armor
47:34 Scale Mail Armor
50:49 Chemistry
50:59 Bow Saw
51:25 Chain Mail Armor
51:00 Elite Fire Lancer
54:20 Man-at-Arms
55:29 Paper Money
55:40 Husbandry
55:08 Long Swordsman
55:55 Squires
55:41 Arson
55:59 Two-Handed Swordsman
58:44 Plate Mail Armor
57:52 Elite Skirmisher
60:23 Imperial Skirmisher
61:12 Halberdier
62:27 Ballistics
72:40 Plate Barding Armor
Smurf de Amourant
7:58 Loom
10:32 Feudal Age
12:49 Double-Bit Axe
13:48 Padded Archer Armor
14:57 Fletching
19:37 Castle Age
20:15 Bodkin Arrow
20:50 Leather Archer Armor
21:54 Elite Skirmisher
26:38 Scale Barding Armor
27:31 Horse Collar
28:44 Bow Saw
30:01 Wheelbarrow
30:27 Bloodlines
30:17 Husbandry
30:39 Chain Barding Armor
31:12 Pikeman
31:53 Squires
31:56 Scale Mail Armor
33:37 Forging
34:33 Iron Casting
40:27 Imperial Age
37:55 Stone Mining
37:57 Gold Mining
39:39 Chain Mail Armor
41:20 Gold Shaft Mining
41:14 Hand Cart
41:31 Bracer
41:43 Thumb Ring
43:26 Plate Barding Armor
45:45 Chemistry
45:33 Ballistics
45:43 Conscription
45:58 Heavy Plow
47:14 Cavalier
48:28 Town Watch
48:56 Masonry
51:49 Stirrups
57:31 Town Patrol
58:58 Blast Furnace
58:05 Elite Konnik
59:23 Architecture
58:59 Siege Engineers
59:22 Murder Holes
59:34 Siege Engineers
60:49 Plate Mail Armor
65:11 Gambesons
66:24 Bagains
66:16 Light Cavalry
73:20 Hussar
Connection lost

Rejoining the realm…

Still unreachable

The connection could not be restored.

Session expired

The server has moved on; the page needs a fresh start.